 Dungeon Crawl Stone Soup version 0.22-a0-274-gf8199ec82f (webtiles) character file.

3896 Kaname the Tainter (level 10, 63/63 HPs)
             Began as a Demonspawn Wizard on Mar 14, 2018.
             Was a Follower of Vehumet.
             Quit the game on level 7 of the Dungeon.
             The game lasted 00:57:43 (10565 turns).

Kaname the Tainter (Demonspawn Wizard)             Turns: 10565, Time: 00:57:43

Health: 63/63      AC:  9    Str:  8    XL:     10   Next: 0%
Magic:  5/17       EV: 17    Int: 22    God:    Vehumet [*.....]
Gold:   256        SH:  6    Dex: 12    Spells: 4/19 levels left

rFire    . . .     SeeInvis .   x - +2 short sword (flame)
rCold    + . .     Gourm    .   (no shield)
rNeg     . . .     Faith    .   w - +3 leather armour
rPois    .         Spirit   +   b - +0 hat
rElec    .         Reflect  +   (no cloak)
rCorr    .         Harm     .   (no gloves)
MR       .....                  D - +0 pair of boots
Stlth    ++........             c - +6 amulet of reflection
HPRegen  0.20/turn              q - +3 ring of evasion
MPRegen  0.15/turn              t - +3 ring of evasion

@: radiating poison
A: claws 2, yellow scales 1, cold resistance 1, magic shield
a: Renounce Religion


You were on level 7 of the Dungeon.
You worshipped Vehumet.
Vehumet was aware of your devotion.
You were not hungry.

You visited 2 branches of the dungeon, and saw 8 of its levels.

You collected 928 gold pieces.
You spent 672 gold pieces at shops.

Inventory:

Hand Weapons
 p - a +0 blowgun
 x - a +2 short sword of flaming (weapon)
Missiles
 g - 8 poisoned needles
 k - 156 arrows
Armour
 b - a +0 hat (worn)
 w - a +3 leather armour (worn)
 D - a +0 pair of boots (worn)
Jewellery
 a - an uncursed amulet of harm {unknown}
 c - a +6 amulet of reflection (around neck)
 q - a +3 ring of evasion (left claw)
 t - a +3 ring of evasion (right claw)
 B - an uncursed ring of protection from cold
 C - an uncursed amulet of the gourmand {unknown}
Scrolls
 h - a scroll of blinking
 j - 10 scrolls of teleportation
 l - a scroll of magic mapping {unknown}
 o - 3 scrolls of remove curse
 r - 3 scrolls of fog
 s - 2 scrolls of fear
 v - a scroll of enchant armour {unknown}
 y - a scroll of immolation
Potions
 e - a potion of magic {unknown}
 f - 3 potions of flight
 i - 3 potions of mutation
 m - a potion of agility {unknown}
 n - 2 potions of heal wounds
 u - a potion of resistance {unknown}
 z - a potion of haste {unknown}
 E - a potion of curing
Comestibles
 d - 13 rations
 A - 3 chunks of flesh


   Skills:
 - Level 5.0 Short Blades
 - Level 1.7 Dodging
 + Level 3.0 Stealth
 - Level 5.3 Spellcasting
 - Level 8.0 Conjurations
   Level 1.0 Summonings
 - Level 1.0 Translocations
 - Level 1.2 Fire Magic
 - Level 2.2 Air Magic
 - Level 8.3 Poison Magic


You had 4 spell levels left.
You knew the following spells:

 Your Spells              Type           Power        Failure   Level  Hunger
a - Magic Dart            Conj           ####         1%          1    None
b - Blink                 Tloc           N/A          14%         2    None
c - Mephitic Cloud        Conj/Pois/Air  ####....     3%          3    ##.....
d - Conjure Flame         Conj/Fire      ####....     6%          3    ##.....
e - Ensorcelled Hibernat  Hex/Ice        #.....       22%         2    None
f - Olgreb's Toxic Radia  Pois           #####...     4%          4    ####...


Dungeon Overview and Level Annotations

Branches:
Dungeon (7/15)             Temple (1/1) D:5

Altars:
Ashenzari
Cheibriados
Dithmenos
Elyvilon
Fedhas
Hepliaklqana
Kikubaaqudgha
Makhleb
Nemelex Xobeh
Okawaru
Ru
Sif Muna
Trog
Uskayaw
Vehumet
Wu Jian
Xom
Yredelemnul
Zin
The Shining One

Shops:
D:4 **:%


Innate Abilities, Weirdness & Mutations

You have very sharp fingernails.
You are partially covered in yellow scales. (AC +2)
Your flesh is cold resistant. (rC+)
When hurt, damage is shared between your health and your magic reserves.


Message History

Your toxic radiance grows in intensity.
The killer bee looks even sicker.
You kill the killer bee!
Vehumet accepts your kill.
You feel your power returning.
You kill the killer bee!
Vehumet accepts your kill. You block the killer bee's attack.
Unknown command.
Unknown command.
Unknown command.
You miss the killer bee.
The killer bee is almost dead.
The killer bee looks even sicker.
You kill the killer bee!
Vehumet accepts your kill.
Your Stealth skill increases to level 3!
You have reached level 10!
Your demonic ancestry asserts itself...
Yellow scales grow over part of your body.
Are you sure you want to abandon this character and quit the game? (Confirm with "yes".)

####### #.....#
########## #####.###.#
#..#.#...###.....# #.#
#..#.........###.###.#
#..###...#####
#.....### #........#
#.....>.. ##.####..#
#.#.##### #....(@.#
#.#.# # ######y##
#....## # #.c.#
#.....# # #.....#
#.....# # #.......#
#..##.###
#.........####........
+.....(...+........###
#..
#.........##.#...#.##
... ##.....(.##
##.#...#


You could see a centaur and a killer bee.

Vanquished Creatures
  A two-headed ogre (D:6)
  Pikel (D:5)
  Grinder (D:5)
  Sigmund (D:5)
  4 hogs (D:7)
  A human (D:7)
  An orc warrior (D:7)
  2 sky beasts
  2 ogres (D:7)
  4 slaves
  4 centaurs
  A water moccasin zombie (D:6)
  A scorpion (D:7)
  3 killer bees (D:7)
  2 crimson imps
  2 jellies (D:5)
  4 orc priests
  A bullfrog skeleton (D:5)
  2 centaur skeletons
  3 orc wizards
  3 iguanas
  Terence (D:2)
  5 worker ants
  A worker ant zombie (D:5)
  8 adders
  A shadow imp (D:7)
  An ooze (D:4)
  2 adder skeletons
  3 worms
  3 leopard geckos (D:3)
  11 orcs
  7 giant cockroaches
  4 hobgoblins
  10 jackals
  7 kobolds
  5 quokkas
  13 bats
  5 frilled lizards
  7 goblins
  A quokka skeleton (D:5)
  8 rats
147 creatures vanquished.

Notes
Turn   | Place    | Note
-------+----------+-------------------------------------------
     0 | D:1      | Kaname the Demonspawn Wizard began the quest for the Orb.
     0 | D:1      | Reached XP level 1. HP: 13/13 MP: 4/4
   141 | D:1      | Gained mutation: Your flesh is cold resistant. (rC+) [demonic ancestry]
   141 | D:1      | Reached XP level 2. HP: 14/19 MP: 3/6
   770 | D:2      | Gained mutation: You have sharp fingernails. [demonic ancestry]
   770 | D:2      | Reached XP level 3. HP: 13/24 MP: 2/7
   823 | D:2      | Learned a level 2 spell: Blink
   827 | D:2      | Learned a level 3 spell: Mephitic Cloud
  1192 | D:2      | Reached skill level 1 in Translocations
  1262 | D:2      | Found a blossoming altar of Fedhas.
  1287 | D:2      | Reached skill level 1 in Poison Magic
  1604 | D:2      | Found a sacrificial altar of Ru.
  1604 | D:2      | Found a sparkling altar of Nemelex Xobeh.
  1660 | D:2      | Noticed Terence
  1681 | D:2      | Killed Terence
  1681 | D:2      | Reached XP level 4. HP: 22/30 MP: 4/8
  2340 | D:2      | Found a blossoming altar of Fedhas.
  2427 | D:2      | Found a sparkling altar of Nemelex Xobeh.
  2450 | D:2      | Found a sacrificial altar of Ru.
  3103 | D:3      | Reached XP level 5. HP: 35/35 MP: 2/9
  3213 | D:3      | Reached skill level 5 in Conjurations
  3221 | D:3      | Learned a level 3 spell: Conjure Flame
  3372 | D:3      | Found a sparkling altar of Nemelex Xobeh.
  3743 | D:3      | Found a sparkling altar of Nemelex Xobeh.
  4369 | D:4      | Noticed a centaur
  4377 | D:4      | Killed a centaur
  4377 | D:4      | Gained mutation: When hurt, damage is shared between your health and your magic reserves. [demonic ancestry]
  4377 | D:4      | Reached XP level 6. HP: 5/41 MP: 7/10
  4689 | D:4      | Found Peneptapt's Food Shop.
  4849 | D:4      | Found Falanag's General Store.
  4857 | D:4      | Bought a scroll of fog for 24 gold pieces
  4857 | D:4      | Bought a scroll of immolation for 42 gold pieces
  4858 | D:4      | Found Niesyhit's Assorted Antiques.
  4866 | D:4      | Bought a scroll of identify for 46 gold pieces
  4958 | D:4      | Found Atady's Book Boutique.
  5000 | D:4      | Found a shimmering altar of Xom.
  5017 | D:4      | Found a shimmering altar of Xom.
  5023 | D:4      | Found a shimmering altar of Xom.
  5227 | D:4      | Reached skill level 1 in Air Magic
  5457 | D:4      | Found Atady's Book Boutique.
  5478 | D:4      | Found Falanag's General Store.
  5499 | D:4      | Found Niesyhit's Assorted Antiques.
  5624 | D:4      | Found Peneptapt's Food Shop.
  5641 | D:4      | Found a shimmering altar of Xom.
  5658 | D:4      | Found a shimmering altar of Xom.
  5687 | D:4      | Found a shimmering altar of Xom.
  5837 | D:5      | Entered Level 5 of the Dungeon
  6067 | D:5      | Found a staircase to the Ecumenical Temple.
  6073 | Temple   | Entered the Ecumenical Temple
  6308 | Temple   | Became a worshipper of Vehumet
  6377 | D:5      | Reached skill level 1 in Fire Magic
  6377 | D:5      | Reached XP level 7. HP: 38/46 MP: 3/11
  6659 | D:5      | Noticed Grinder
  6976 | D:5      | Noticed Sigmund
  6999 | D:5      | Killed Sigmund
  7181 | D:5      | Paralysed by Grinder for 4 turns
  7198 | D:5      | Killed Grinder
  7198 | D:5      | Reached XP level 8. HP: 30/52 MP: 4/12
  7286 | D:5      | Learned a level 2 spell: Ensorcelled Hibernation
  7403 | D:5      | Found a staircase to the Ecumenical Temple.
  7849 | D:6      | Noticed Pikel
  8065 | D:6      | Identified a scroll of acquirement
  8091 | D:4      | Bought a Young Poisoner's Handbook for 560 gold pieces
  8123 | D:6      | Noticed a two-headed ogre
  8193 | D:5      | Killed Pikel
  8193 | D:5      | Reached skill level 5 in Spellcasting
  8199 | D:5      | Learned a level 4 spell: Olgreb's Toxic Radiance
  8343 | D:6      | Found a hazy altar of Hepliaklqana.
  8608 | D:6      | Killed a two-headed ogre
  8608 | D:6      | Reached * piety under Vehumet
  8608 | D:6      | Offered knowledge of Flame Tongue by Vehumet.
  8608 | D:6      | Gained mutation: You have very sharp fingernails. [demonic ancestry]
  8608 | D:6      | Reached XP level 9. HP: 41/57 MP: 1/16
  8669 | D:6      | Found a shadowy altar of Dithmenos.
  8690 | D:6      | Found a shattered altar of Ashenzari.
  8903 | D:6      | Found an ornate altar of the Wu Jian Council.
  9130 | D:6      | Found a hazy altar of Hepliaklqana.
  9339 | D:6      | Found an ornate altar of the Wu Jian Council.
  9433 | D:6      | Found a shadowy altar of Dithmenos.
  9446 | D:6      | Found a shattered altar of Ashenzari.
 10294 | D:7      | Reached skill level 5 in Short Blades
 10432 | D:7      | Found a hide-covered altar of Uskayaw.
 10564 | D:7      | Gained mutation: You are partially covered in yellow scales. (AC +2) [demonic ancestry]
 10564 | D:7      | Reached XP level 10. HP: 63/63 MP: 5/17
 10565 | D:7      | Quit the game

Vault maps used:
D:1:      sevenhm_arrival_forest_fort_small_4
D:2:      fedhas_altar_4, chequers_temple_overflow_statue_of_worship,
          uniq_terence
D:3:      first_ration, nemelex_lonely_heart_becter
D:4:      xom_redecorated, serial_shops, nicolae_shop_statue_plus, shop, shop,
          shop, minmay_misc_feat_ornament
D:5:      minmay_temple_entry_statues, uniq_grinder, uniq_sigmund
D:6:      kennysheep_little_box, lemuel_coloured_pillars_altar,
          lemuel_doored_altar, grunt_dithmenos_smoke, uniq_pikel
D:7:      eat_drink_and_be_merry_uskayaw, grunt_livestock,
          uniq_crazy_yiuf_cottage
Temple:   hc_temple_tempest_star

Skill      XL: |  1  2  3  4  5  6  7  8  9 |
---------------+----------------------------+-----
Conjurations   | 2 3 4 5 6 8 |  8.0
Translocations | 1 |  1.0
Poison Magic   | 1 2 6 8 |  8.3
Air Magic      | 2 |  2.2
Fire Magic     | 1 |  1.2
Short Blades   | 2 5 |  5.0
Spellcasting   | 5 |  5.3
Stealth        | 3 |  3.0
Dodging        | |  1.7
Summonings     | |  1.0

Action                   |  1- 3 |  4- 6 |  7- 9 | 10-12 || total
-------------------------+-------+-------+-------+-------++-------
Melee: Dagger            |    59 |    88 |    96 |       ||   243
       Short sword       |       |    19 |    88 |       ||   107
 Fire: Blowgun           |       |     3 |     6 |       ||     9
 Cast: Magic Dart        |    52 |    82 |    82 |       ||   216
       Mephitic Cloud    |     1 |     6 |     6 |       ||    13
       Blink             |       |     3 |     1 |       ||     4
       Conjure Flame     |       |     2 |     4 |       ||     6
       Olgreb's Toxic Ra |       |       |    20 |       ||    20
  Use: Scroll            |     3 |     8 |     3 |       ||    14
       Potion            |       |       |     3 |       ||     3
 Stab: Sleeping          |     2 |     1 |       |       ||     3
       Confused          |     1 |     2 |     3 |       ||     6
  Eat: Chunk             |     2 |     6 |     9 |       ||    17
       Ration            |       |     3 |     2 |       ||     5
Armor: Robe              |     7 |     8 |       |       ||    15
       Leather armour    |       |       |    29 |       ||    29
Dodge: Dodged            |    38 |    64 |   100 |       ||   202
Block: Other             |       |       |    13 |       ||    13
       Reflection        |       |       |     2 |       ||     2

Table legend:
 A = Spawn XP
 B = Non-spawn XP
 C = Spawn XP percentage of total XP
 D = Spawn monster count
 E = Non-spawn monster count
 F = Spawn count percentage of total count
 G = Total turns spent on level
                    A         B        C        D         E        F      G
               +---------+---------+-------+---------+---------+-------+---------
         Total |       0 |    5567 |   0.0 |       0 |     143 |   0.0 | 10565
               +---------+---------+-------+---------+---------+-------+---------
           D:1 |       0 |      38 |   0.0 |       0 |      25 |   0.0 |   749
           D:2 |       0 |      93 |   0.0 |       0 |      19 |   0.0 |  1947
           D:3 |       0 |     161 |   0.0 |       0 |      25 |   0.0 |  1388
           D:4 |       0 |     316 |   0.0 |       0 |      10 |   0.0 |  1769
           D:5 |       0 |    1556 |   0.0 |       0 |      21 |   0.0 |  2045
           D:6 |       0 |    1479 |   0.0 |       0 |      15 |   0.0 |  1529
           D:7 |       0 |    1924 |   0.0 |       0 |      28 |   0.0 |   882
               +---------+---------+-------+---------+---------+-------+---------
